AoeStats
← kimbo

Arabia

506258621Analyzed
2v2 RM · 20d ago on Sep 12, 2026· 27m 18s· 4 players
Game mode
Random Map
Map size
Medium (4 player)
Population
200
Speed
Normal
Resources
Standard
Victory
Conquest
Starting age
Dark Age
Ending age
Imperial Age
RankedLock teamsTeams togetherTeam positionsShared explorationLock speedFull tech treeHidden civsTurbo modeCheats
Victory
Defeat
🇦🇷 Maya · Argentina
1360
+12
🇦🇷 Persians · Argentina
1357
+12
🇺🇸 Ethiopians · United States
1264
-12
🇺🇸 Magyars · United States
1263
-12
Pingocho
8:44 Feudal Age
7:41 Loom
9:12 Double-Bit Axe
16:21 Scale Barding Armor
21:13 Castle Age
19:48 Bloodlines
19:39 Gold Mining
20:21 Forging
20:01 Horse Collar
22:23 Bow Saw
23:00 Chain Barding Armor
23:22 Husbandry
27:43 Gold Shaft Mining
kimbo
0:26 Loom
9:07 Feudal Age
10:25 Double-Bit Axe
12:56 Fletching
23:47 Castle Age
21:38 Horse Collar
23:37 Wheelbarrow
22:48 Town Watch
23:58 Crossbowman
24:38 Bodkin Arrow
26:45 Ballistics
27:22 Padded Archer Armor
27:51 Bow Saw
PaschalStorm725
6:56 Loom
9:26 Feudal Age
10:26 Double-Bit Axe
15:57 Fletching
17:46 Padded Archer Armor
23:18 Castle Age
22:34 Horse Collar
23:20 Crossbowman
23:57 Bodkin Arrow
24:12 Thumb Ring
25:04 Bow Saw
Ejung15
7:01 Loom
9:34 Feudal Age
10:09 Double-Bit Axe
16:04 Bloodlines
16:36 Scale Barding Armor
19:24 Scale Mail Armor
20:36 Horse Collar
24:36 Castle Age
25:01 Pikeman
25:33 Elite Skirmisher
27:05 Bow Saw
Connection lost

Rejoining the realm…

Still unreachable

The connection could not be restored.

Session expired

The server has moved on; the page needs a fresh start.